 Dungeon Crawl Stone Soup version 0.28-a0-724-g66f9036eb4 (webtiles) character file.

Game seed: 3232969115408513876

18 Rennog the Skirmisher (level 2, 0/20 HPs)
             Began as a Kobold Fighter on Oct 26, 2021.
             Succumbed to an adder's poison
             ... on level 1 of the Dungeon.
             The game lasted 00:01:25 (825 turns).

Rennog the Skirmisher (Kobold Fighter)               Turns: 825, Time: 00:01:25

Health: 0/20       AC:  6    Str: 13    XL:     2   Next: 90%
Magic:  2/2        EV:  7    Int:  9    God:
Gold:   99         SH:  5    Dex: 14    Spells: 1/1 levels left

rFire   . . .      SeeInvis .   a - +0 rapier
rCold   . . .      Faith    .   c - +0 buckler
rNeg    . . .      Spirit   .   b - +0 scale mail
rPois   .          Reflect  .   (no helmet)
rElec   .          Harm     .   (no cloak)
rCorr   .          Rampage  .   (no gloves)
Will    .....                   (no boots)
Stlth   +.........              (no amulet)
HPRegen 0.06/turn               (no ring)
MPRegen 0.08/turn               (no ring)

@: mighty, lethally poisoned (0 -> -5), constricted
A: small, no large weapons, nightstalker 3
a: no special abilities


You were on level 1 of the Dungeon.
You visited 1 branch of the dungeon, and saw 2 of its levels.

You collected 99 gold pieces.

Inventory:

Hand Weapons
 a - a +0 rapier (weapon)
Armour
 b - a +0 scale mail (worn)
 c - a +0 buckler (worn)
Scrolls
 e - a scroll of vulnerability {unknown}
 f - a scroll of identify {unknown}


   Skills:
 * Level 3.8 Fighting
 - Level 2.6 Short Blades
 - Level 2.4 Armour
 + Level 1.1 Dodging
 + Level 1.3 Stealth
 - Level 2.4 Shields


You had one spell level left.
You didn't know any spells.
Your spell library contained the following spells:

 Spells                   Type           Power      Damage    Failure   Level
 Hailstorm                Conj/Ice       0%         3d3       100%        4
 Ice Form                 Ice/Tmut       0%         N/A       100%        4
 Simulacrum               Ice/Necr       0%         N/A       100%        6


Dungeon Overview and Level Annotations

Branches:
Dungeon (2/15)

Altars:


Innate Abilities, Weirdness & Mutations

You are small and have problems with some larger weapons.
You are completely attuned to the shadows.


Message History

You hit the ball python.
The ball python is moderately wounded.
The ball python barely misses you. x2
The ball python closely misses you. The ball python grabs you.
You stop ascending the stairs.
The ball python constricts you.
You barely miss the ball python.
The ball python is moderately wounded.
The adder bites you.
The ball python bites you but does no damage.
The ball python constricts you. The adder bites you.
You hit the ball python but do no damage.
The ball python is moderately wounded.
The ball python bites you but does no damage.
The ball python constricts you. The adder bites you.
You are poisoned.
The adder poisons you!
The ball python bites you but does no damage.
The ball python constricts you. The adder bites you.
You are lethally poisoned!
The adder poisons you!
You escape the ball python's grasp.
You feel very sick. The adder barely misses you.
You climb upwards.
* * * LOW HITPOINT WARNING * * *
You feel very sick.
There is a stone staircase leading down here.
You see here a quokka skeleton.
You feel very mighty all of a sudden.
* * * LOW HITPOINT WARNING * * *
You feel sick. The ball python completely misses you.
The ball python grabs you. The ball python constricts you.
* * * LOW HITPOINT WARNING * * *
You block the adder's attack.
The ball python bites you but does no damage.
The ball python constricts you.
* * * LOW HITPOINT WARNING * * *
You puncture the adder!
The adder is severely wounded.
You die...

#....[...........##... ######
#...................#. .....#
####................####. .....#
##........................
.....###.....................####
..............................##.
.....#............##...........#.
.....##..........S##...........#.
####...........S@..(.............
#......÷.#..........##........
#........##..####.#.###.......
#........#..#####.......###..#
#..÷.....#..........#>...>...>
#........#.########.#.........
#.......#.......# #.#.#.....#.
#.......#.......# #.#.........
#.......#.......# #.#.........


You could see an adder and a ball python.

Vanquished Creatures
  A dart slug (D:1)
  A ball python (D:1)
  4 bats (D:1)
  3 endoplasms (D:1)
  2 hobgoblins (D:1)
  2 quokkas (D:1)
  A frilled lizard (D:1)
  A rat (D:1)
15 creatures vanquished.

Notes
Turn   | Place    | Note
-------+----------+-------------------------------------------
     0 | D:1      | Rennog the Kobold Fighter began the quest for the Orb.
     0 | D:1      | Reached XP level 1. HP: 14/14 MP: 1/1
   236 | D:1      | Reached XP level 2. HP: 15/19 MP: 2/2
   424 | D:1      | Reached skill level 1 in Stealth
   511 | D:1      | Reached skill level 1 in Dodging
   824 | D:1      | HP: 1/20 [constriction (1)]
   825 | D:1      | Succumbed to an adder's poison

Illustrated notes

Levels and vault maps discovered:
D:1:      lemuel_arrival_broad_hall, layout_rooms
D:2:      layout_loops_ring, hellmonk_ecumenical_altar_pennies_from_heaven,
          kennysheep_generic_room_6, uniq_terence

Skill      XL: |  1  2 |
---------------+-------+-----
Stealth        | 1 |  1.3
Dodging        | 1 |  1.1
Fighting       | |  3.8
Short Blades   | |  2.6
Armour         | |  2.4
Shields        | |  2.4

Action                   || total
-------------------------++-------
Melee: Rapier            ||    53
  Use: Potion            ||     1
Armor: Scale mail        ||    30
Dodge: Dodged            ||    32
Block: Buckler           ||    13

Table legend: (Time is in decaauts)
 A = Elapsed time spent in this place.
 B = Non-inter-level travel time spent in this place.
 C = Inter-level travel time spent in this place.
 D = Time resting spent in this place.
 E = Time spent auto-exploring this place.
 F = Levels seen in this place.
 G = Mean time per level.
                   A        B        C        D        E       F      G
               +--------+--------+--------+--------+--------+-----+--------+
         Total |    832 |    821 |     11 |      0 |    703 |   2 |  416.0 |
       Dungeon |    832 |    821 |     11 |      0 |    703 |   2 |  416.0 |
               +--------+--------+--------+--------+--------+-----+--------+

Top non-repeatable levels by time:
     D:1: 826 daAuts
     D:2: 6 daAuts
